Map: Emerald City LE

Players

Milcho

  • Race: Terran Terran
  • Spawn Location: 11:00

PeterPwn

  • Race: Zerg Zerg
  • Spawn Location: 11:00

Massa

  • Race: Terran Terran
  • League: Gold
  • Spawn Location: 5:00

qqq

  • Race: Zerg Zerg
  • Spawn Location: 5:00

VOD

Have the link to the VOD?

Description

Time

  • Played on: June 24, 2020, 3:53 p.m.
  • Length: 16:06
Show
View Real Time Build Order
Export as new Build Order

Milcho Terran 

Build Orders:  

Get SALT Encoding   

  12  0:00  SCV  
  13  0:14  Supply Depot  
  13  0:18  SCV  
  14  0:28  Refinery  
  14  0:30  SCV  
  15  0:42  SCV  
  16  0:52  Barracks  
  16  0:56  SCV  
  17  1:08  SCV  
  18  1:20  SCV  
  19  1:33  SCV  
  20  1:45  Reaper  
  21  1:47  Orbital Command  
  21  1:52  Command Center  
  21  2:09  Factory  
  21  2:11  Refinery  
  21  2:12  SCV  
  22  2:19  Barracks Reactor  
  22  2:31  Supply Depot  
  22  2:33  SCV  
  23  2:53  SCV  
  23  2:58  Starport  
  24  3:01  Widow Mine x2  
  24  3:05  SCV  
  29  3:11  Orbital Command  
  29  3:17  SCV, Barracks Tech Lab  
  30  3:23  Widow Mine x2  
  34  3:29  SCV  
  35  3:37  SCV  
  36  3:41  SCV, Medivac  
  36  3:48  Supply Depot  
  39  3:50  SCV  
  39  3:52  Marine  
  39  3:53  SCV, Marine  
  43  4:00  Siege Tank  
  46  4:09  SCV x2  
  48  4:10  Supply Depot  
  48  4:21  SCV  
  48  4:22  SCV  
  48  4:23  Marine x2  
  51  4:33  Siege Tank  
  51  4:34  SCV  
  55  4:40  Starport Reactor  
  55  4:44  Command Center  
  55  4:45  Engineering Bay x2  
  55  4:47  Refinery, SCV x2  
  55  4:48  Refinery  
  57  4:53  Marine x2  
  57  4:59  SCV x2  
  61  5:10  Supply Depot x2  
  61  5:11  SCV  
  62  5:31  SCV, Siege Tank  
  66  5:42  Marine x2  
  65  5:43  Medivac x2  
  65  5:49  Barracks, Terran Infantry Weapons Level 1  
  70  5:50  Barracks  
  70  5:54  SCV x2  
  72  6:00  Marine x2  
  74  6:06  SCV  
  75  6:13  Siege Tank  
  75  6:14  SCV  
  75  6:15  Terran Infantry Armor Level 1  
  75  6:18  Marine x2  
  77  6:30  SCV x2  
  69  6:35  Orbital Command  
  69  6:36  Marine  
  69  6:39  Medivac x2  
  68  6:42  SCV  
  68  6:45  Siege Tank  
  64  7:00  Marine x2  
  64  7:01  Barracks Tech Lab x2  
  61  7:12  SCV  
  62  7:18  Armory, Marine x2  
  64  7:36  Marine x2  
  66  7:38  Stimpack  
  66  7:39  Marine x2  
  66  7:41  SCV  
  69  7:45  Barracks x2  
  69  7:53  Marine  
  69  7:54  Orbital Command, Marine  
  69  7:56  Combat Shield  
  69  7:57  Marine x2  
  73  8:01  SCV x2  
  75  8:11  Marine x2  
  77  8:13  SCV x2  
  77  8:16  Marine x2  
  81  8:25  SCV x2  
  83  8:29  Marine x2  
  83  8:30  Siege Tank  
  83  8:31  Terran Infantry Weapons Level 2  
  83  8:33  Marine  
  83  8:34  Marine  
  90  8:35  SCV  
  90  8:37  SCV  
  92  8:43  Supply Depot x2  
  92  8:44  Terran Infantry Armor Level 2, Supply Depot  
  92  8:46  SCV  
  93  8:54  SCV, Marine x4  
  98  9:02  Command Center  
  98  9:05  Terran Vehicle Weapons Level 1  
  98  9:11  Marine x4  
  99  9:29  Marine  
  99  9:35  SCV x3  
  100  9:45  Marine x3  
  97  9:46  Siege Tank  
  97  9:47  SCV x3, Marine  
  94  9:59  SCV x2  
  94  10:00  SCV  
  94  10:03  Marine x3  
  94  10:05  Refinery, Marine  
  97  10:08  Refinery  
  97  10:10  Barracks  
  97  10:11  SCV  
  97  10:12  Barracks  
  98  10:19  Medivac x2  
  98  10:20  SCV x2, Siege Tank  
  98  10:21  Marine x3  
  105  10:23  Marine  
  105  10:26  SCV  
  107  10:38  SCV x2  
  107  10:39  SCV, Marine x3  
  107  10:40  Marine  
  114  10:48  Supply Depot  
  113  10:50  SCV x2, Supply Depot  
  113  10:54  SCV  
  113  10:57  Marine x3  
  116  10:58  Marine  
  120  11:14  Marine  
  120  11:15  Marine  
  120  11:16  SCV x2  
  122  11:18  SCV  
  122  11:20  Missile Turret  
  122  11:22  Bunker  
  122  11:28  SCV x2  
  123  11:39  Marine x3  
  127  11:41  Barracks Reactor  
  127  11:42  Barracks Reactor  
  126  11:48  Factory  
  126  11:50  Factory  
  126  11:55  Marine  
  126  11:56  Siege Tank  
  126  11:57  SCV x2, Marine x3  
  132  12:06  Medivac x2  
  132  12:08  SCV  
  131  12:09  SCV  
  131  12:10  SCV  
  131  12:13  Marine  
  131  12:14  Marine  
  131  12:15  Marine x2  
  130  12:19  Marine x2  
  130  12:20  Marine x2  
  121  12:30  Marine  
  121  12:32  Marine  
  121  12:33  Marine x2  
  121  12:35  Orbital Command  
  121  12:36  Medivac x2  
  118  12:37  Marine x2  
  118  12:38  Marine  
  118  12:39  Marine  
  112  12:48  Marine  
  112  12:50  Marine x2  
  112  12:51  Marine  
  110  12:55  Marine x3  
  110  12:56  Marine  
  113  12:58  Planetary Fortress  
  113  13:03  SCV x3  
  116  13:06  Factory Tech Lab, Marine  
  116  13:08  Factory Tech Lab, Marine x3, Siege Tank  
  116  13:12  Factory  
  123  13:13  Marine x3  
  123  13:15  SCV x3  
  130  13:27  SCV, Marine  
  129  13:38  Marine x3  
  129  13:39  Marine x4  
  129  13:40  Siege Tank x2  
  138  13:45  Marine  
  137  13:56  Marine x3  
  137  13:57  Marine x2  
  137  13:58  Marine x2  
  137  13:59  Siege Tank  
  118  14:03  Marine  
  118  14:05  Marine x2  
  106  14:14  Marine x3  
  106  14:15  Marine x2  
  106  14:16  Marine x2  
  111  14:20  SCV x2, Marine  
  111  14:23  Marine x2  
  112  14:32  SCV, Marine x5  
  112  14:37  Marine x2  
  117  14:38  Marine  
  117  14:40  Siege Tank  
  121  14:48  Marine x2  
  121  14:49  Marine  
  121  14:50  Marine x2  
  126  15:02  SCV  
  126  15:03  SCV  
  128  15:13  Marine x2  
  128  15:14  Marine x4  
  125  15:15  Marine  
  130  15:22  SCV x2  
  132  15:37  Missile Turret  
  132  15:41  Marine x2  
Show
View Real Time Build Order
Export as new Build Order

PeterPwn Zerg 

Build Orders: Hatch First 

Get SALT Encoding   

  12  0:00  Drone  
  13  0:13  Overlord  
  13  0:17  Drone  
  14  0:31  Drone x2  
  16  0:41  Drone  
  17  0:56  Hatchery  
  16  0:59  Drone  
  17  1:16  Drone  
  18  1:21  Drone  
  19  1:28  Drone, Spawning Pool  
  19  1:31  Extractor  
  18  1:41  Drone  
  19  1:50  Drone  
  20  2:02  Drone  
  21  2:19  Drone x2  
  21  2:20  Queen x2  
  21  2:22  Overlord  
  27  2:26  Extractor  
  26  2:39  Drone x2  
  26  2:40  Extractor, Overlord  
  27  2:57  Roach Warren  
  26  3:00  Evolution Chamber  
  26  3:20  Drone x6  
  31  3:30  Zerg Missile Weapons Level 1  
  31  3:43  Roach  
  31  3:44  Roach x4  
  43  3:48  Roach  
  43  3:53  Overlord  
  43  4:02  Overlord x2  
  43  4:11  Roach  
  43  4:12  Roach x3  
  43  4:15  Overlord  
  51  4:22  Roach  
  53  4:27  Roach  
  53  4:28  Roach  
  57  4:35  Spine Crawler  
  57  4:38  Roach x2  
  60  4:44  Drone x3  
  63  4:47  Drone  
  63  4:50  Drone  
  63  4:51  Drone  
  66  4:55  Drone  
  68  5:00  Drone  
  68  5:04  Drone  
  68  5:05  Drone  
  70  5:07  Extractor  
  70  5:09  Extractor  
  70  5:11  Drone  
  69  5:16  Drone x4  
  69  5:21  Overlord  
  73  5:28  Zerg Ground Armor Level 1  
  73  5:33  Drone x3  
  76  5:44  Drone  
  76  5:45  Drone x4  
  76  5:49  Overlord  
  81  5:54  Lair  
  79  6:29  Roach  
  79  6:30  Roach x7  
  81  6:44  Roach  
  81  6:45  Roach x3  
  71  7:22  Roach x8  
  83  7:23  Roach  
  83  7:27  Ravager  
  84  7:31  Glial Reconstitution  
  84  7:32  Zerg Missile Weapons Level 2  
  84  7:42  Roach x2  
  88  7:50  Roach x2  
  92  8:02  Hatchery  
  91  8:06  Extractor  
  91  8:07  Extractor  
  91  8:08  Roach  
  91  8:11  Overlord x3  
  91  8:20  Overlord  
  91  8:24  Overlord  
  91  8:26  Pneumatized Carapace  
  91  8:30  Roach  
  91  8:31  Roach  
  91  8:33  Queen  
  97  8:35  Hatchery  
  96  8:44  Roach x2  
  100  8:57  Roach  
  100  8:58  Roach  
  100  9:00  Overlord  
  104  9:05  Hydralisk Den  
  103  9:23  Roach x6  
  111  9:46  Roach  
  111  9:47  Roach x6  
  123  9:56  Roach  
  123  9:57  Roach  
  123  9:59  Hydralisk, Grooved Spines  
  127  10:06  Queen x3  
  135  10:09  Drone x3  
  138  10:20  Overlord x3  
  138  10:35  Spine Crawler  
  137  10:37  Roach x7  
  137  10:38  Spine Crawler  
  137  10:39  Spine Crawler  
  149  10:45  Roach x2  
  149  10:49  Hydralisk  
  153  10:52  Queen  
  153  10:56  Roach  
  153  10:57  Roach x4  
  167  11:29  Overlord  
  167  11:30  Overlord x3  
  167  11:31  Overlord x4  
  167  11:51  Roach x12  
  167  11:52  Roach x4  
  199  11:59  Overlord x2  
  195  12:29  Roach  
  199  12:30  Roach  
  197  12:57  Roach  
  197  12:58  Roach x4  
  199  13:01  Overlord  
  195  13:09  Overlord  
  195  13:10  Overlord  
  189  13:42  Hatchery  
  188  13:54  Spore Crawler x2  
  182  13:58  Roach x9  
  196  14:05  Hydralisk  
  196  14:06  Hydralisk  
  191  14:23  Hydralisk x2  
  191  14:24  Hydralisk x4  
  185  14:48  Hydralisk x7  
  198  15:00  Spine Crawler  
  198  15:03  Spine Crawler  
  198  15:05  Spore Crawler  
  195  15:09  Hydralisk x2  
  199  15:40  Hydralisk x9  
  167  15:50  Infestation Pit  
Show
View Real Time Build Order
Export as new Build Order

Massa Terran 

Build Orders:  

Get SALT Encoding   

  12  0:04  SCV  
  13  0:16  Supply Depot  
  13  0:18  SCV  
  14  0:30  SCV  
  15  0:38  Barracks  
  15  0:42  SCV  
  16  0:54  SCV  
  17  1:07  SCV  
  17  1:20  SCV  
  18  1:26  Marine  
  19  1:33  SCV  
  19  1:35  Refinery  
  20  1:44  Marine  
  20  1:45  Command Center  
  20  2:17  Marine  
  21  2:35  Marine  
  21  2:36  SCV  
  23  2:49  Barracks  
  23  2:56  Supply Depot  
  23  2:58  Supply Depot  
  23  2:59  Orbital Command  
  23  3:08  Barracks Tech Lab  
  23  3:17  SCV  
  24  3:21  Barracks  
  24  3:27  Marauder  
  24  3:29  SCV  
  27  3:44  Factory  
  27  3:46  Orbital Command  
  27  3:47  SCV  
  28  3:48  Marauder  
  28  3:51  Stimpack  
  28  3:55  Marine  
  31  3:59  SCV  
  31  4:02  Engineering Bay  
  32  4:08  Marine  
  35  4:10  Marauder  
  35  4:11  SCV  
  36  4:23  SCV  
  37  4:28  Barracks Tech Lab  
  37  4:29  Barracks Reactor  
  37  4:33  SCV  
  37  4:35  SCV  
  37  4:37  Refinery  
  39  4:39  Refinery  
  39  4:41  Missile Turret  
  39  4:42  Factory Tech Lab  
  40  4:45  SCV  
  40  4:47  SCV, Marauder  
  40  4:49  Marine  
  44  4:57  SCV  
  44  4:59  SCV  
  46  5:19  Marauder x2, Marine x2  
  52  5:21  SCV  
  53  5:37  Marine  
  54  5:49  Supply Depot  
  54  5:53  Supply Depot  
  54  5:55  Supply Depot  
  54  6:10  Marauder, Marine x2, Siege Tank  
  54  6:11  Command Center  
  61  6:13  Supply Depot  
  61  6:14  Marauder  
  61  6:15  Supply Depot  
  63  6:21  Missile Turret  
  62  6:28  Marine  
  62  6:32  Marauder  
  47  6:35  Marine  
  44  6:43  Missile Turret  
  44  6:45  Marine x2  
  42  6:48  Siege Tank  
  42  6:53  Marauder  
  42  6:54  Marauder  
  43  7:03  Marine x2  
  42  7:15  Marauder x2  
  46  7:20  Marine  
  46  7:21  Siege Tank  
  49  7:26  SCV x2  
  49  7:29  SCV  
  52  7:36  Marauder x2  
  56  7:38  SCV x2  
  56  7:43  Concussive Shells  
  58  7:45  Combat Shield  
  58  7:48  Marine  
  58  7:50  SCV x2, Marine  
  62  7:53  Siege Tank  
  62  7:55  Terran Infantry Weapons Level 1  
  62  7:57  Marauder  
  62  7:58  Marauder  
  69  7:59  Armory  
  69  8:02  SCV x3  
  72  8:14  SCV x2  
  72  8:19  Marauder  
  76  8:23  Starport  
  76  8:25  Starport, Missile Turret  
  76  8:30  Marauder, Marine x2  
  80  8:40  Widow Mine, Marauder  
  84  8:48  Marine  
  85  8:51  SCV x3, Marauder  
  90  8:58  Sensor Tower  
  90  9:01  Widow Mine  
  92  9:03  SCV x3  
  95  9:12  Marauder  
  95  9:13  Marauder, Marine x2  
  95  9:15  SCV x2  
  95  9:16  SCV  
  104  9:22  Widow Mine  
  106  9:30  Marine  
  106  9:31  Marine  
  108  9:48  Marine  
  108  9:50  Terran Infantry Armor Level 1  
  109  10:12  Supply Depot  
  109  10:16  Supply Depot  
  109  10:17  Barracks, Supply Depot  
  109  10:19  Supply Depot  
  109  10:24  Supply Depot  
  109  10:25  Supply Depot  
  109  10:28  Supply Depot  
  109  10:34  Marauder x2, Marine x2  
  117  10:37  Medivac x2  
  117  10:40  Thor  
  125  10:47  Supply Depot  
  125  10:50  Supply Depot  
  125  10:51  Marine x2, Supply Depot  
  125  10:53  Command Center  
  125  10:55  Marauder x2  
  131  11:07  Medivac x2  
  131  11:09  Marine x2  
  137  11:17  Marauder x2  
  134  11:27  Marine x2  
  134  11:28  Barracks Tech Lab  
  136  11:38  Marauder x2  
  140  11:45  Marine x2  
  141  11:49  Barracks  
  140  12:00  Marauder x2  
  136  12:03  Marine  
  136  12:16  Refinery  
  136  12:18  Terran Vehicle Weapons Level 1  
  136  12:20  Terran Infantry Armor Level 2  
  136  12:21  Marauder x2  
  140  12:26  Engineering Bay  
  140  12:29  Armory  
  140  12:31  Marauder  
  140  12:32  Marine x2  
  144  12:42  Marauder x2  
  148  12:49  Marine  
  148  12:50  Marine  
  150  12:52  Marauder  
  152  13:03  Planetary Fortress  
  152  13:04  SCV, Marauder x2  
  152  13:05  SCV x2  
  159  13:07  Marine  
  160  13:14  Marauder  
  160  13:16  SCV  
  160  13:17  SCV x2  
  165  13:25  Marauder x2  
  169  13:28  SCV  
  169  13:29  SCV x2  
  172  13:35  Marauder  
  172  13:41  SCV x3  
  176  13:46  Marauder  
  176  13:47  Marauder  
  181  13:53  SCV x3  
  181  13:54  Marine x3  
  186  13:57  Marauder  
  154  14:08  Marauder x2  
  149  14:11  Marine  
  149  14:12  Marine  
  149  14:18  Marauder  
  149  14:29  Marauder x2  
  149  14:31  Thor  
  140  14:33  Marine x2  
  140  14:38  Barracks Tech Lab  
  130  14:39  Marauder  
  117  14:47  Factory  
  117  14:51  Marauder x2, Marine x2  
  123  14:55  Medivac  
  123  14:56  Medivac  
  127  15:00  Refinery  
  127  15:01  Marauder  
  129  15:08  Marine  
  129  15:09  Marine  
  129  15:12  Marauder x2  
  129  15:14  Thor  
  135  15:19  Refinery  
  141  15:22  Marauder  
  141  15:25  Medivac x2  
  141  15:26  Marine  
  148  15:33  Marauder x2  
  143  15:43  Marauder  
Show
View Real Time Build Order
Export as new Build Order

qqq Zerg 

Build Orders: Hatch First 

Get SALT Encoding   

  12  0:02  Drone  
  13  0:31  Hatchery  
  12  0:39  Overlord  
  12  0:47  Drone  
  12  0:48  Drone  
  14  1:07  Spawning Pool  
  14  1:10  Drone  
  14  1:16  Extractor  
  13  1:19  Drone  
  14  1:26  Drone x2  
  16  1:36  Drone  
  17  1:44  Drone  
  17  1:46  Drone  
  19  2:06  Zergling x2  
  20  2:09  Drone  
  20  2:13  Zergling x2  
  20  2:15  Hatchery  
  21  2:30  Zergling x4  
  21  2:31  Drone x2  
  21  2:32  Drone  
  26  2:47  Metabolic Boost  
  26  2:48  Zergling x2  
  26  2:49  Zergling x2  
  27  2:59  Overlord  
  27  3:13  Overlord  
  27  3:17  Queen x2  
  31  3:22  Roach Warren  
  31  3:23  Zergling x2  
  31  3:27  Drone  
  31  3:29  Zergling x2  
  31  3:33  Drone  
  34  3:35  Drone  
  34  3:38  Zergling x2  
  36  3:41  Drone  
  36  3:45  Drone  
  36  3:47  Drone  
  39  3:55  Zergling x4  
  40  3:56  Drone  
  40  3:57  Drone  
  40  4:01  Drone  
  44  4:04  Zergling x2  
  44  4:07  Spine Crawler  
  44  4:14  Zergling x2  
  44  4:28  Zergling x2  
  44  4:29  Drone x4  
  44  4:30  Overlord  
  49  4:49  Roach  
  49  4:50  Overlord  
  49  4:51  Drone  
  49  4:52  Drone x3  
  55  4:55  Hatchery  
  54  5:07  Spore Crawler  
  54  5:13  Roach x4  
  61  5:20  Drone x4  
  65  5:22  Overlord x2  
  65  5:39  Overlord  
  65  5:41  Drone x3  
  65  5:42  Roach x3  
  74  5:58  Spore Crawler  
  74  6:03  Roach x2  
  77  6:13  Roach  
  77  6:15  Roach x2  
  77  6:16  Roach x2  
  77  6:17  Hatchery  
  80  6:28  Hatchery  
  77  6:34  Roach x2  
  77  6:35  Drone x4  
  80  6:49  Drone, Roach x2  
  80  6:50  Drone x3  
  88  6:59  Drone, Roach  
  88  7:00  Drone  
  72  7:11  Roach  
  72  7:13  Roach x2  
  68  7:17  Lair  
  62  7:35  Extractor  
  61  7:38  Hatchery, Roach x2  
  61  7:41  Hatchery  
  63  7:48  Extractor  
  63  7:49  Extractor  
  63  7:50  Roach  
  63  7:52  Drone  
  63  7:53  Drone x7  
  63  7:54  Drone x3, Overlord  
  74  8:06  Spine Crawler  
  74  8:09  Drone x3  
  74  8:11  Roach x2  
  80  8:15  Drone  
  81  8:20  Glial Reconstitution  
  81  8:25  Evolution Chamber  
  80  8:27  Zergling x6  
  80  8:28  Evolution Chamber  
  80  8:31  Zergling x12  
  88  8:52  Spine Crawler  
  88  8:54  Spine Crawler  
  88  8:55  Spine Crawler x2  
  84  8:56  Drone x4  
  84  8:57  Drone x3, Roach  
  84  8:58  Zergling x8, Roach x2  
  100  9:20  Zergling x4, Roach x4  
  100  9:21  Drone, Zergling x2  
  111  9:27  Hatchery  
  102  9:35  Hatchery  
  91  9:43  Roach x2  
  91  9:44  Roach x7  
  91  9:45  Drone x2, Roach  
  89  10:00  Roach x4  
  89  10:01  Drone, Roach x2  
  90  10:19  Roach x3  
  90  10:20  Spire, Roach x3  
  101  10:21  Drone  
  101  10:23  Drone  
  101  10:24  Drone  
  104  10:42  Roach x6  
  118  10:43  Roach x2  
  120  10:50  Drone x5  
  120  10:56  Hatchery  
  124  11:08  Overlord  
  124  11:09  Overlord x6  
  124  11:21  Spore Crawler  
  124  11:23  Spine Crawler  
  122  11:38  Zergling x6  
  122  11:39  Zergling x6, Roach x3  
  137  11:40  Roach x3  
  137  11:45  Zerg Melee Weapons Level 1  
  137  11:46  Zerg Ground Armor Level 1  
  135  11:47  Drone x2  
  135  11:48  Drone x3  
  140  12:01  Drone x2  
  140  12:02  Drone x3  
  145  12:14  Hatchery  
  120  12:25  Roach x8  
  120  12:26  Drone x3, Roach x2  
  122  12:55  Roach x6  
  122  12:56  Roach x4  
  122  12:57  Drone x3  
  122  12:58  Mutalisk  
  113  13:01  Zergling x4  
  113  13:02  Drone x2  
  99  13:20  Hatchery  
  99  13:22  Spine Crawler  
  99  13:26  Zergling x4  
  99  13:27  Zergling x12  
  103  13:35  Mutalisk x2  
  103  13:36  Zergling x4  
  103  13:37  Zergling x2  
  103  13:40  Drone  
  101  13:41  Drone  
  101  13:43  Hatchery  
  94  14:05  Roach x2  
  94  14:06  Roach x5  
  95  14:14  Drone x3  
  95  14:17  Drone x3  
  68  14:25  Drone  
  67  14:34  Mutalisk  
  67  14:39  Spine Crawler x2  
  67  14:42  Spine Crawler  
  67  14:44  Drone x2  
  67  14:45  Drone  
  67  14:51  Spine Crawler  
  62  15:02  Zergling x4  
  62  15:03  Zergling x16  
  72  15:15  Drone  
  72  15:16  Drone x5  
  77  15:34  Mutalisk x3  
  76  15:39  Drone x2  
  75  15:56  Infestation Pit  
Tags
 
Add a new tag
Caveats
  • Supply blocks, unpowered buildings, or Contaminate may cause inaccurate times.
  • Supply counts are checked every 10 seconds.